 Dungeon Crawl Stone Soup version 0.26.0-41-g79a4fc7684 (webtiles) character file.

Game seed: 15418768451215681910

107 kaeus the Shield-Bearer (level 4, -3/31 HPs)
             Began as an Octopode Fighter on Jan 27, 2021.
             Slain by an orc
             ... wielding a +0 club
              (5 damage)
             ... on level 3 of the Dungeon.
             The game lasted 00:01:57 (2392 turns).

kaeus the Shield-Bearer (Octopode Fighter)          Turns: 2392, Time: 00:01:58

Health: -3/31      AC:  1    Str: 15    XL:     4   Next: 85%
Magic:  4/4        EV: 12    Int: 10    God:
Gold:   161        SH:  9    Dex: 12    Spells: 3/3 levels left

rFire    . . .     SeeInvis .   a - +0 rapier
rCold    . . .     Faith    .   b - +0 kite shield
rNeg     . . .     Spirit   .   (helmet restricted)
rPois    .         Reflect  .   k - amulet of magic regeneration
rElec    .         Harm     .   (no ring)
rCorr    .         Rampage  .   (no ring)
Will     .....                  (no ring)
Stlth    +++.......             (no ring)
HPRegen  0.10/turn              (no ring)
MPRegen  0.34/turn              (no ring)
                                (no ring)
                                (no ring)

@: no status effects
A: almost no armour, stealthy swim, amphibious, 8 rings, constrict 8, camouflage
1, gelatinous body 1
a: no special abilities


You were on level 3 of the Dungeon.
You visited 1 branch of the dungeon, and saw 3 of its levels.

You collected 161 gold pieces.

Inventory:

Hand Weapons
 a - a +0 rapier (weapon)
Armour
 b - a +0 kite shield (worn)
Jewellery
 k - an amulet of magic regeneration (around mantle)
Scrolls
 d - a scroll of identify {unknown}
 e - 2 scrolls of remove curse
 f - a scroll of noise {unknown}
 h - 2 scrolls of enchant armour {unknown}
 i - a scroll of enchant weapon {unknown}
 l - a scroll of amnesia {unknown}
 o - 3 scrolls of teleportation {unknown}
Potions
 c - a potion of might
 g - 2 potions of haste {unknown}
 j - a potion of degeneration {unknown}
 m - a potion of curing {unknown}
 n - a potion of flight {unknown}
 p - a potion of invisibility {unknown}


   Skills:
 + Level 3.4 Fighting
 + Level 2.6 Short Blades
 + Level 3.4 Dodging
 * Level 3.5 Stealth
 + Level 3.5 Shields


You had 3 spell levels left.
You didn't know any spells.
Your spell library was empty.

Dungeon Overview and Level Annotations

Branches:
Dungeon (3/15)

Altars:
Uskayaw

Annotations:
D:3 Sigmund


Innate Abilities, Weirdness & Mutations

You cannot wear most types of armour.
You are very stealthy in the water. (Stealth+)
You are amphibious.
You can wear up to eight rings at the same time.
You can use your tentacles to constrict eight enemies at once.
Your skin changes colour to match your surroundings (Stealth+).
Your rubbery body absorbs attacks. (AC +1, EV +1)


Message History

You take 10 damage, and have 14/31 hp.
MASSIVE DAMAGE!!
You are too injured to fight recklessly!
You are too injured to fight recklessly!
You are too injured to fight recklessly!
You hit the worm.
The worm is lightly wounded.
You constrict the worm. The worm bites you.
* * * LOW HITPOINT WARNING * * *
You take 5 damage, and have 9/31 hp.
You release your grip on the worm.
The worm bites you!
* * * LOW HITPOINT WARNING * * *
You take 7 damage, and have 2/31 hp.
MASSIVE DAMAGE!!
You barely miss the worm. You grab the worm. You squeeze the worm!
The worm is severely wounded.
You constrict the worm. You hit the worm.
You kill the worm!
The orc hits you with a +0 club.
You die...

#######
#.....#
#.....##
#......
..... ...
#o# #@#
##.######
#...)...#
#....##.#
#.##..#.#
#.......###
###..)....+
##...####
#..##


You could see an orc.

Vanquished Creatures
  4 adders
  5 worms
  3 dart slugs
  4 orcs (D:3)
  4 giant cockroaches
  2 goblins
  8 hobgoblins
  3 jackals (D:3)
  8 bats
  2 kobolds (D:1)
  8 rats
51 creatures vanquished.

Notes
Turn   | Place    | Note
-------+----------+-------------------------------------------
     0 | D:1      | kaeus the Octopode Fighter began the quest for the Orb.
     0 | D:1      | Reached XP level 1. HP: 16/16 MP: 1/1
    76 | D:1      | Reached skill level 1 in Stealth
   182 | D:1      | Reached XP level 2. HP: 21/21 MP: 2/2
   751 | D:2      | Reached XP level 3. HP: 20/26 MP: 3/3
  1664 | D:3      | Reached XP level 4. HP: 31/31 MP: 4/4
  1850 | D:3      | Noticed Sigmund
  2099 | D:3      | Found a hide-covered altar of Uskayaw.
  2392 | D:3      | Slain by an orc

Illustrated notes

Levels and vault maps discovered:
D:1:      dpeg_arrival_pond, layout_loops_ring
D:2:      layout_loops_ring, corner_web_ring, minmay_pentomino_pile
D:3:      layout_loops_corners, overflow_temple_1_default, uniq_sigmund

Skill      XL: |  1  2  3  4 |
---------------+-------------+-----
Stealth        | 1 2 3 |  3.5
Fighting       | |  3.4
Short Blades   | |  2.6
Dodging        | |  3.4
Shields        | |  3.5

Action                   |  1- 3 |  4- 6 || total
-------------------------+-------+-------++-------
Melee: Rapier            |    61 |    42 ||   103
       Constrict         |    12 |    15 ||    27
       Tentacles         |     4 |     8 ||    12
  Use: Scroll            |     1 |       ||     1
 Stab: Sleeping          |     5 |     7 ||    12
Armor: Skin              |     3 |     3 ||     6
Dodge: Dodged            |    14 |    16 ||    30
Block: Kite shield       |    19 |    10 ||    29
